 Dungeon Crawl Stone Soup version 0.29.1-14-g9c671dbff4 (webtiles) character file.

Game seed: 18380165854624754878

862 ChiefBigBeans the Digger (level 8, -13/48 HPs)
             Began as a Gargoyle Earth Elementalist on Sept 14, 2022.
             Mangled by a gnoll
             ... wielding a +2 flail of distortion
             ... led by a gnoll bouda
              (21 damage)
             ... on level 5 of the Dungeon on Feb 13, 2023.
             The game lasted 00:26:00 (5279 turns).

ChiefBigBeans the Digger (GrEE)                     Turns: 5279, Time: 00:26:01

Health: -13/48     AC: 10    Str: 13    XL:     8   Next: 2%
Magic:  12/13      EV: 13    Int: 15    God:
Gold:   130        SH:  0    Dex: 12    Spells: 10/14 levels left

rFire   + + .      SeeInvis .   r - +2 short sword (venom)
rCold   + . .      Faith    .   (no shield)
rNeg    + . .      Spirit   .   a - +1 robe rPois โˆž Reflect .
                                (no helmet)
rElec   +          Harm     .   o - scarf {rC+ rF+}
rCorr   .          Rampage  .   (no gloves)
Will    .....                   t - +1 pair of boots of Wrong Decisions {rF+}
Stlth   +++.......              (no amulet)
HPRegen 0.16/turn               (no ring)
MPRegen 0.13/turn               (no ring)

@: no status effects
A: sickness immunity, AC +5, negative energy resistance 1, electricity
resistance, torment resistance 1, petrification resistance
a: no special abilities


You were on level 5 of the Dungeon.
You visited 2 branches of the dungeon, and saw 6 of its levels.

You collected 244 gold pieces.
You spent 114 gold pieces at shops.

Inventory:

Hand Weapons
 g - a +0 short sword of electrocution
 l - a +1 short sword of draining
 r - a +2 short sword of venom (weapon)
Armour
 a - a +1 robe (worn)
 j - a +0 cloak
 o - a scarf of resistance (worn)
 t - the +1 pair of boots of Wrong Decisions (worn) {rF+}
   (You found it on level 3 of the Dungeon)

   rF:        It protects you from fire.
Jewellery
 h - an amulet of guardian spirit
Scrolls
 c - 2 scrolls of magic mapping
 d - 2 scrolls of noise
 i - a scroll of immolation
 k - a scroll of teleportation
 p - 6 scrolls of identify
 v - 3 scrolls of fear
Potions
 b - a potion of magic
 e - 2 potions of resistance
 f - 3 potions of degeneration
 m - 2 potions of heal wounds {unknown}
 n - a potion of haste {unknown}
 q - a potion of flight {unknown}
 s - 3 potions of curing


   Skills:
 + Level 3.9 Fighting
 - Level 0.2 Short Blades
 + Level 3.5 Dodging
 + Level 5.2 Stealth
 + Level 3.9 Spellcasting
 - Level 0.7 Transmutations
 + Level 5.8 Earth Magic


You had 10 spell levels left.
You knew the following spells:

 Your Spells              Type           Power      Damage    Failure   Level
a - Sandblast             Erth           40%        2d10      1%          1
b - Stone Arrow           Conj/Erth      22%        3d8       16%         3

Your spell library contained the following spells:

 Spells                   Type           Power      Damage    Failure   Level
 Passwall                 Tmut/Erth      10%        N/A       7%          2
 Petrify                  Tmut/Erth      12%        N/A       43%         4


Dungeon Overview and Level Annotations

Branches:
Dungeon (5/15)             Temple (1/1) D:4

Altars:
Hepliaklqana
Makhleb
Nemelex Xobeh
Okawaru
Ru
Wu Jian
Xom

Shops:
D:4 *


Innate Abilities, Weirdness & Mutations

You are immune to sickness and miasma.
Your stone body is resilient. (AC +5)
You are immune to poison.
You resist negative energy. (rN+)
You are resistant to electric shocks. (rElec)
You are resistant to unholy torment.
You are immune to petrification.


Message History

You barely miss the gnoll. The gnoll hits you with a +0 club.
You closely miss the gnoll. The gnoll misses you.
You hit the gnoll.
The gnoll is poisoned.
The gnoll is moderately wounded.
The gnoll is no longer moving quickly.
The gnoll hits you but does no damage.
You hit the gnoll.
The gnoll looks as sick as possible!
The gnoll is severely wounded.
The gnoll closely misses you.
You barely miss the gnoll.
The gnoll is almost dead.
You kill the gnoll!
You closely miss the gnoll. The gnoll barely misses you.
You hit the gnoll.
The gnoll is poisoned.
The gnoll is lightly wounded.
The gnoll closely misses you. The gnoll completely misses you.
You barely miss the gnoll.
The gnoll is moderately wounded.
The gnoll is no longer moving quickly.
The gnoll hits you but does no damage.
You closely miss the gnoll.
The gnoll is moderately wounded.
The gnoll hits you but does no damage.
You hit the gnoll.
The gnoll looks even sicker.
The gnoll is heavily wounded.
The gnoll hits you with a +0 whip.
You hit the gnoll.
You kill the gnoll!
You closely miss the gnoll.
The gnoll hits you with a +2 flail of distortion.
Space warps around you.
You hit the gnoll.
The gnoll is poisoned.
The gnoll is lightly wounded.
The gnoll hits you with a +2 flail of distortion!
Space warps horribly around you!
* * * LOW HITPOINT WARNING * * *
You barely miss the gnoll.
The gnoll is lightly wounded.
The gnoll hits you with a +2 flail of distortion.
* * * LOW HITPOINT WARNING * * *
Space warps horribly around you!!
You die...

#...####.# #.....#..........# #.
.........# #................ ###.
...###...# #.....#......... #...
...###...###)....#......### #...
...#.............#......######...
...#........######..).......#....
#........# #...............
#........######...............
..............@g...............
###.........########............
#.......... #............
#........#.# #............
............... ###..........$<
#.......#...โ‰ˆ #.(..#######ยง
#.... #โ‰ˆ


You could see a gnoll (very poisoned).

Vanquished Creatures
  A water moccasin (D:5)
  A phantom (D:5)
  A bullfrog (D:5)
  A jelly (D:4)
  5 orc priests
  A gnoll bouda (D:5)
  Jessica (D:3)
  2 iguanas (D:4)
  4 orc wizards
  6 gnolls
  4 adders
  2 ufetubi (D:5)
  A worm (D:3)
  4 dart slugs
  22 orcs
  7 bats
  7 endoplasms
  5 giant cockroaches
  5 goblins
  4 hobgoblins
  8 kobolds
  7 quokkas
  11 ball pythons
  7 frilled lizards
  6 rats
123 creatures vanquished.

Notes
Turn   | Place    | Note
-------+----------+-------------------------------------------
     0 | D:1      | ChiefBigBeans the Gargoyle Earth Elementalist began the
                  | quest for the Orb.
     0 | D:1      | Reached XP level 1. HP: 10/10 MP: 3/3
   157 | D:1      | Reached XP level 2. HP: 16/16 MP: 3/5
   674 | D:1      | Found a faded altar of an unknown god.
   776 | D:1      | Reached skill level 1 in Fighting
   817 | D:1      | Reached XP level 3. HP: 20/20 MP: 4/6
  1321 | D:2      | Learned a level 3 spell: Stone Arrow
  1865 | D:2      | Reached XP level 4. HP: 25/25 MP: 3/7
  2182 | D:3      | Noticed Jessica
  2273 | D:3      | Killed Jessica
  2539 | D:3      | Reached XP level 5. HP: 28/30 MP: 1/9
  2544 | D:3      | Identified the +1 pair of boots of Wrong Decisions {rF+}
  2719 | D:3      | Found an iron altar of Okawaru.
  3056 | D:3      | Reached XP level 6. HP: 36/36 MP: 6/10
  3177 | D:4      | Upgraded the game from 0.29.1 to 0.29.1-13-g9f3cf754e1
  3177 | D:4      | Upgraded the game from 0.29.1-13-g9f3cf754e1 to
                  | 0.29.1-14-g9c671dbff4
  3549 | D:4      | Reached skill level 5 in Earth Magic
  3832 | D:4      | Found Baleut's Assorted Antiques.
  3845 | D:4      | Bought 3 scrolls of identify for 114 gold pieces
  3976 | D:4      | Found a staircase to the Ecumenical Temple.
  3986 | Temple   | Entered the Ecumenical Temple
  4263 | D:5      | Entered Level 5 of the Dungeon
  4283 | D:5      | Reached XP level 7. HP: 26/41 MP: 10/12
  4539 | D:5      | Reached skill level 5 in Stealth
  5266 | D:5      | Reached XP level 8. HP: 43/48 MP: 10/13
  5279 | D:5      | Mangled by a gnoll

Illustrated notes

Levels and vault maps discovered:
D:1:      minmay_arrival_loop, layout_loops_ring,
          chequers_ecumenical_altar_twisty, roderic_malta_cross
D:2:      layout_basic, serial_aquarium, aquarium_bridge_straight
          [aquarium_subvault_bridge, aquarium_subvault_wall,
          aquarium_subvault_bridge, aquarium_subvault_balcony],
          aquarium_window_1, aquarium_window_corner, aquarium_view_2b,
          aquarium_view_2f, hangedman_decor_riveting, minmay_bisected
D:3:      layout_basic, okawaru_metal_pillars_1_2, minmay_three_crescents,
          uniq_jessica
D:4:      layout_loops_ring, minmay_temple_entry_proselytizer, serial_shops,
          nicolae_lakefront_shop
D:5:      layout_rooms, kennysheep_mini_moat
Temple:   hellmonk_temple_flake

Skill      XL: |  1  2  3  4  5  6  7 |
---------------+----------------------+-----
Fighting       | 1 2 3 |  3.9
Earth Magic    | 4 5 |  5.8
Dodging        | 2 3 |  3.5
Stealth        | 3 4 5 |  5.2
Spellcasting   | 3 |  3.9
Short Blades   | |  0.2
Transmutations | |  0.7

Action                   |  1- 3 |  4- 6 |  7- 9 || total
-------------------------+-------+-------+-------++-------
Melee: Short sword       |    20 |    98 |    98 ||   216
       Punch             |       |       |     2 ||     2
 Cast: Sandblast         |    42 |    57 |     8 ||   107
  Use: Scroll            |     4 |     7 |     1 ||    12
 Stab: Distracted        |       |     1 |       ||     1
Armor: Robe              |     9 |    44 |    39 ||    92
Dodge: Dodged            |     9 |    92 |   100 ||   201
